 Dungeon Crawl Stone Soup version 0.26-a0-642-g67e99244d3 (webtiles) character file.

Game seed: 15617839627469081468

53901 Peloso the Fencer (level 14, -1/127 HPs)
             Began as a Minotaur Fighter on Sept 23, 2020.
             Was a High Priest of Okawaru.
             Slain by a wolf spider (3 damage)
             ... on level 3 of the Lair of Beasts.
             The game lasted 01:01:54 (26763 turns).

Peloso the Fencer (Minotaur Fighter)               Turns: 26763, Time: 01:01:55

Health: -1/127     AC: 21    Str: 30    XL:     14   Next: 32%
Magic:  16/16      EV: 12    Int:  9    God:    Okawaru [*****.]
Gold:   1674       SH:  7    Dex: 12    Spells: 13/13 levels left

rFire    . . .     SeeInvis +   a - +7 long sword of Deflation {vorpal, rElec MR+ Int+4}
rCold    + + +     Faith    .   c - +0 buckler of the Devil's Team {MR+ rCorr}
rNeg     . . .     Spirit   .   T - +4 chain mail {rF+}
rPois    .         Reflect  .   (helmet restricted)
rElec    +         Harm     .   Z - +1 cloak
rCorr    +         Rampage  .   (no gloves)
MR       +++..                  J - +0 pair of boots (curse)
Stlth    ..........             (no amulet)
HPRegen  0.31/turn              N - +6 ring of strength
MPRegen  0.15/turn              F - ring "Nylo" {*Drain rElec rF- rC+++ SInv}

@: no status effects
A: retaliatory headbutt, horns 2
a: Heroism, Finesse, Renounce Religion


You were on level 3 of the Lair of Beasts.
You worshipped Okawaru.
Okawaru was extremely pleased with you.
You visited 2 branches of the dungeon, and saw 17 of its levels.
You also visited: Bailey and Gauntlet.

You collected 1730 gold pieces.
You spent 56 gold pieces at shops.

Inventory:

Hand Weapons
 a - the +7 long sword of Deflation (weapon) {vorpal, rElec MR+ Int+4}
   (You acquired it on level 13 of the Dungeon)

   It inflicts extra damage upon your enemies.
   It affects your intelligence (+4).
   It insulates you from electricity.
   It affects your resistance to hostile enchantments.
 b - the +4 scimitar of the Hand {speed, +Rage rC- Int+4}
   (Okawaru gifted it to you on level 14 of the Dungeon)

   Attacks with this weapon are significantly faster.
   It affects your intelligence (+4).
   It makes you vulnerable to cold.
   It lets you go berserk.
 j - the +8 hand axe "Myfets" {vorpal, Str+4 Dex+5}
   (You took it off an orc on level 11 of the Dungeon)

   It inflicts extra damage upon your enemies.
   It affects your strength (+4).
   It affects your dexterity (+5).
 u - a +1 hand crossbow of freezing
Missiles
 x - 278 bolts
Armour
 c - the +0 buckler of the Devil's Team (worn) {MR+ rCorr}
   (You found it on level 6 of the Dungeon)

   It affects your resistance to hostile enchantments.
   It provides partial protection from all sources of acid and corrosion.
 J - a cursed +0 pair of boots (worn)
 T - a +4 chain mail of fire resistance (worn)
 Z - a +1 cloak (worn)
Jewellery
 e - an uncursed ring of resist corrosion
 m - a +6 ring of intelligence
 z - the ring of Dupheegh {Wiz *Slow Str+4 SInv}
   (You found it in a Gauntlet)

   [ring of wizardry]

   It improves your spell success rate.
   It affects your strength (+4).
   It lets you see invisible.
   It may slow you when you take damage.
 E - an uncursed ring of stealth
 F - the ring "Nylo" (right hand) {*Drain rElec rF- rC+++ SInv}
   (You found it in a bailey)

   [ring of see invisible]

   It makes you vulnerable to fire.
   It renders you almost immune to cold.
   It insulates you from electricity.
   It lets you see invisible.
   It causes draining when unequipped.
 H - an uncursed ring of protection from fire
 I - an uncursed ring of protection from magic
 K - a +4 ring of protection
 N - a +6 ring of strength (left hand)
 P - an uncursed ring of see invisible
Wands
 A - a wand of iceblast (4)
 O - a wand of random effects (24)
 R - a wand of paralysis (6)
 U - a wand of flame (15)
Scrolls
 f - 4 scrolls of amnesia
 g - 5 scrolls of remove curse
 k - 4 scrolls of enchant armour
 q - 7 scrolls of teleportation
 r - 3 scrolls of enchant weapon
 t - 10 scrolls of identify
 v - 3 scrolls of fear
 w - 3 scrolls of magic mapping
 y - 2 scrolls of fog
 D - 5 scrolls of immolation
 G - 2 scrolls of silence
 L - a scroll of blinking
 W - a scroll of summoning
Potions
 d - a potion of might
 h - a potion of magic
 i - a potion of experience
 l - 5 potions of curing
 n - 2 potions of brilliance
 o - 2 potions of stabbing
 p - 4 potions of flight
 s - 4 potions of haste
 B - 2 potions of mutation
 C - 3 potions of resistance
 S - a potion of heal wounds
 V - 3 potions of ambrosia
Miscellaneous
 M - a tin of tremorstones (3/3)
 Q - a phial of floods
 X - a phantom mirror
 Y - a condenser vane (2/2)


   Skills:
 + Level 12.7 Fighting
 + Level 16.0 Long Blades
 + Level 6.2 Crossbows
 + Level 14.7 Armour
 + Level 5.3 Dodging
 + Level 3.3 Stealth
 + Level 11.8 Shields
 + Level 4.1 Invocations
 + Level 2.1 Evocations


You had 13 spell levels left.
You didn't know any spells.
Your spell library contained the following spells:

 Spells                   Type           Power        Failure   Level
 Animate Skeleton         Necr           #.....       78%         1
 Apportation              Tloc           #.....       78%         1
 Beastly Appendage        Tmut           #.....       78%         1
 Corona                   Hex            #......      78%         1
 Foxfire                  Conj/Fire      #...         78%         1
 Magic Dart               Conj           #...         78%         1
 Pain                     Necr           #...         78%         1
 Summon Small Mammal      Summ           #...         78%         1
 Poisonous Vapours        Pois/Air       #.....       89%         2
 Searing Ray              Conj           #.....       89%         2
 Wereblood                Tmut           #.......     89%         2
 Conjure Flame            Conj/Fire      #.......     98%         3
 Dazzling Flash           Conj/Hex       #.....       98%         3
 Inner Flame              Hex/Fire       #.......     98%         3
 Mephitic Cloud           Conj/Pois/Air  #.......     98%         3
 Spider Form              Tmut/Pois      #.........   98%         3
 Vampiric Draining        Necr           #.........   98%         3
 Animate Dead             Necr           #.........   100%        4
 Cause Fear               Hex            #.........   100%        4
 Fulminant Prism          Conj/Hex       #.........   100%        4
 Ice Form                 Ice/Tmut       #.......     100%        4
 Iskenderun's Mystic Bla  Conj/Tloc      #.......     100%        4
 Leda's Liquefaction      Hex/Erth       #.........   100%        4
 Agony                    Necr           #.......     100%        5
 Blade Hands              Tmut           #.........   100%        5
 Silence                  Hex/Air        #.........   100%        5
 Yara's Violent Unravell  Hex/Tmut       #.........   100%        5
 Freezing Cloud           Conj/Ice/Air   #.........   100%        6
 Malign Gateway           Summ/Tloc      #.........   100%        7
 Monstrous Menagerie      Summ           #.........   100%        7
 Summon Greater Demon     Summ           #.........   100%        7
 Discord                  Hex            #.........   100%        8
 Summon Horrible Things   Summ           #.........   100%        8


Dungeon Overview and Level Annotations

Branches:
Dungeon (14/15)            Temple (0/1) D:7            Lair (3/6) D:11
  Swamp (0/4) Lair:2       Spider (0/4) Lair:3          Orc (0/2) D:11
 Vaults (0/5) D:13         Bailey (visited)         Gauntlet (visited)

Altars:
Ashenzari
Cheibriados
Fedhas
Gozag
Kikubaaqudgha
Makhleb
Nemelex Xobeh
Okawaru
Ru
Sif Muna
Trog
Wu Jian
Zin
The Shining One

Shops:
D:4 *

Portals:
Trove: D:11 (give 17 scrolls of teleportation)


Innate Abilities, Weirdness & Mutations

You reflexively headbutt those who attack you in melee.
You have a pair of horns on your head.


Message History

* * * LOW HITPOINT WARNING * * *
The wolf spider bites you but does no damage.
The jumping spider barely misses you. The jumping spider closely misses you.
Unknown command.
You barely miss the wolf spider. Your headbutt misses the wolf spider.
The wolf spider is severely wounded.
The jumping spider pounces on you but does no damage.
The jumping spider misses you. The wolf spider hits you!
* * * LOW HITPOINT WARNING * * *
The wolf spider misses you.
You closely miss the wolf spider.
The wolf spider is severely wounded.
The jumping spider pounces on you!
* * * LOW HITPOINT WARNING * * *
The jumping spider barely misses you. You block the wolf spider's attack.
The wolf spider bites you but does no damage.
You barely miss the wolf spider. Your headbutt misses the wolf spider.
The wolf spider is severely wounded.
The wolf spider hits you.
You die...

#...#...........# #.#
....#.....#.....## #.##
....+............###..#
..........P.....###..##
.............#.## #..#
.......##....##.# #..#
.............^### ##.#
.........#...^.^###..#
.........####^..@.##.#
.>......## ##^s.s^###
.........######.^.(.#
.###..........#^^....#
## ##.........###..>.#
##..#.##.## #....# ###
#..### # #####
##.###..# ........#


You could see a wolf spider and a jumping spider.

Vanquished Creatures
  A dire elephant (Gauntlet)
  A minotaur (Gauntlet)
  Fannar (D:11)
  Harold (D:12)
  4 hydras
  3 centaur warriors (D:14)
  2 dancing weapons (D:13)
  A tengu warrior (D:14)
  4 two-headed ogres
  Sonja (D:11)
  A sixfirhy (Gauntlet)
  8 skeletal warriors
  3 unseen horrors
  2 orc knights (Bailey)
  8 ugly things
  A deep elf mage (D:14)
  A cyclops (D:14)
  A manticore (D:14)
  A shining eye (shapeshifter) (D:10)
  An elephant (Gauntlet)
  A black mamba (Lair:3)
  2 centaur zombies (D:14)
  2 gargoyles
  4 cane toads
  4 yaktaurs (D:14)
  A rime drake (Lair:3)
  A komodo dragon (Lair:2)
  A polar bear (Lair:2)
  8 trolls
  2 hornets
  4 blink frogs (Lair:2)
  5 slime creatures
  5 hippogriffs
  A shadow (D:11)
  2 wyverns
  2 vampires
  2 redbacks (Lair:3)
  3 wraiths
  A basilisk (shapeshifter) (D:14)
  6 basilisks
  31 yaks
  2 vampire mosquitoes (D:14)
  A soldier ant (D:12)
  7 swamp worms
  An acid dragon (D:11)
  6 water moccasins
  6 porcupines
  18 orc warriors
  3 ice beasts
  2 black bears
  2 phantoms
  An eye of draining (D:14)
  2 necrophages
  10 ogres
  4 wolves (Lair:2)
  5 crocodiles
  12 centaurs
  17 bullfrogs
  A gnoll sergeant (D:6)
  A wyvern skeleton (D:7)
  A water moccasin zombie (D:5)
  2 scorpions
  A water moccasin skeleton (D:4)
  3 killer bees (D:11)
  20 wights
  An electric eel (Lair:2)
  4 howler monkeys
  A quasit (D:12)
  3 bullfrog zombies
  6 jellies
  2 bullfrog skeletons
  5 hounds
  4 centaur skeletons
  5 orc priests
  13 orc wizards
  10 iguanas
  21 worker ants
  A howler monkey zombie (D:10)
  2 adders
  10 gnolls
  3 shadow imps (D:6)
  3 white imps
  2 ufetubi (Gauntlet)
  9 oozes
  An adder skeleton (D:9)
  3 adder zombies
  3 worms
  12 leopard geckos
  68 orcs
  9 bats
  4 giant cockroaches
  11 hobgoblins
  13 jackals
  14 kobolds
  3 quokkas
  A ball python (D:3)
  9 frilled lizards
  10 goblins
  A leopard gecko zombie (D:6)
  6 rats
535 creatures vanquished.

Vanquished Creatures (others)
  An orc wizard (D:6)
  A jackal (D:9)
  33 fungi
  21 plants
  4 toadstools (D:3)
60 creatures vanquished.

Grand Total: 595 creatures vanquished

Notes
Turn   | Place    | Note
-------+----------+-------------------------------------------
     0 | D:1      | Peloso the Minotaur Fighter began the quest for the Orb.
     0 | D:1      | Reached XP level 1. HP: 19/19 MP: 0/0
   362 | D:1      | Reached XP level 2. HP: 23/27 MP: 1/1
   494 | D:1      | You fall into a shaft and drop 1 floor!
   494 | D:2      | Found a faded altar of an unknown god.
  1040 | D:2      | Reached XP level 3. HP: 33/33 MP: 2/2
  2498 | D:3      | Reached XP level 4. HP: 38/40 MP: 3/3
  2763 | D:3      | Reached skill level 3 in Long Blades
  2938 | D:3      | Reached XP level 5. HP: 37/46 MP: 4/4
  2940 | D:3      | Reached skill level 4 in Long Blades
  3234 | D:3      | Reached skill level 5 in Armour
  3243 | D:3      | Reached skill level 5 in Shields
  3243 | D:3      | Reached XP level 6. HP: 45/53 MP: 5/5
  3332 | D:3      | Found an ancient bone altar of Kikubaaqudgha.
  3354 | D:3      | Found a glowing golden altar of the Shining One.
  3494 | D:3      | Found an ornate altar of the Wu Jian Council.
  4223 | D:4      | Reached skill level 5 in Long Blades
  4379 | D:4      | Found Enetoben's General Store.
  4396 | D:4      | Bought a scroll of fog for 28 gold pieces
  4396 | D:4      | Bought a scroll of identify for 28 gold pieces
  4665 | D:4      | Found an iron altar of Okawaru.
  4665 | D:4      | Found a bloodstained altar of Trog.
  4672 | D:4      | Reached skill level 1 in Dodging
  4672 | D:4      | Reached XP level 7. HP: 60/60 MP: 6/6
  4689 | D:4      | Became a worshipper of Warmaster Okawaru
  4948 | D:5      | Entered Level 5 of the Dungeon
  5097 | D:5      | Found a sacrificial altar of Ru.
  5158 | D:5      | Reached skill level 6 in Long Blades
  5177 | D:5      | Reached skill level 5 in Fighting
  5791 | D:6      | Reached * piety under Okawaru
  5815 | D:6      | Reached skill level 7 in Long Blades
  5910 | D:6      | Reached XP level 8. HP: 36/69 MP: 7/7
  6098 | D:6      | Got a heavily runed buckler
  6104 | D:6      | Identified the cursed +0 buckler of the Devil's Team {MR+
                  | rCorr} (You found it on level 6 of the Dungeon)
  6183 | D:6      | Reached skill level 1 in Stealth
  6595 | D:6      | Found a snail-covered altar of Cheibriados.
  6680 | D:7      | Found a blossoming altar of Fedhas.
  6680 | D:7      | Noticed a hippogriff
  6693 | D:7      | Killed a hippogriff
  6693 | D:7      | Reached skill level 8 in Long Blades
  6785 | D:7      | Found a sparkling altar of Nemelex Xobeh.
  6853 | D:7      | Reached ** piety under Okawaru
  7242 | D:7      | Found a staircase to the Ecumenical Temple.
  7277 | D:7      | Reached XP level 9. HP: 75/75 MP: 8/8
  7361 | D:7      | Reached skill level 9 in Long Blades
  7462 | D:7      | Found a shattered altar of Ashenzari.
  8000 | D:8      | Noticed a skeletal warrior
  8001 | D:8      | Noticed a skeletal warrior
  8002 | D:8      | Noticed a skeletal warrior
  8049 | D:7      | Killed a skeletal warrior
  8049 | D:7      | Reached skill level 10 in Long Blades
  8451 | D:8      | Paralysed by a hornet for 3 turns
  8460 | D:8      | Reached *** piety under Okawaru
  8524 | D:8      | Found a burning altar of Makhleb.
  9064 | D:9      | Found a glowing golden altar of the Shining One.
  9073 | D:9      | Found an opulent altar of Gozag.
  9105 | D:9      | Found a glowing silver altar of Zin.
  9118 | D:9      | Found a flagged portal.
  9140 | Bailey   | Entered a bailey
  9142 | Bailey   | Noticed an orc knight
 10081 | Bailey   | HP: 2/79 [orc warrior/bolt (16)]
 10443 | Bailey   | Reached XP level 10. HP: 36/86 MP: 7/9
 10746 | Bailey   | Got a brightly glowing steel ring
 10748 | Bailey   | Identified the ring "Nylo" {*Drain rElec rF- rC+++ SInv}
                  | (You found it in a bailey)
 10773 | Bailey   | Reached skill level 1 in Crossbows
 10777 | Bailey   | Reached skill level 1 in Invocations
 11261 | Bailey   | Killed an orc knight
 11261 | Bailey   | Reached **** piety under Okawaru
 11422 | Bailey   | Noticed an orc knight
 11431 | Bailey   | Reached skill level 10 in Armour
 11452 | Bailey   | Killed an orc knight
 11452 | Bailey   | Reached skill level 11 in Long Blades
 11718 | D:9      | Reached skill level 5 in Crossbows
 11984 | D:9      | Noticed an unseen horror
 11995 | D:9      | Killed an unseen horror
 11995 | D:9      | Received a gift from Okawaru
 12418 | D:10     | Entered Level 10 of the Dungeon
 12564 | D:10     | Noticed an unseen horror
 12571 | D:10     | Killed an unseen horror
 12571 | D:10     | Reached ***** piety under Okawaru
 12579 | D:10     | Received a gift from Okawaru
 12903 | D:10     | Noticed an unseen horror
 12934 | D:10     | Killed an unseen horror
 12934 | D:10     | Reached XP level 11. HP: 64/93 MP: 11/11
 13628 | D:11     | Found a staircase to the Orcish Mines.
 13986 | D:10     | Noticed a shining eye
 13993 | D:10     | Killed a shining eye
 14103 | D:10     | Reached skill level 12 in Long Blades
 14276 | D:11     | Identified the Volume of the Blaze and Malediction
 14486 | D:11     | Found a portal to a secret trove of treasure.
 14552 | D:11     | Identified the +8 hand axe "Myfets" {vorpal, Str+4 Dex+5}
 14553 | D:11     | Received a gift from Okawaru
 14613 | D:11     | Noticed Sonja
 14617 | D:11     | Noticed Harold
 14618 | D:11     | Noticed Fannar
 14636 | D:11     | Killed Fannar
 14936 | D:12     | Noticed a green ugly thing
 15000 | D:12     | Found a gate leading to a gauntlet.
 15005 | Gauntlet | Entered a Gauntlet
 15005 | Gauntlet | Found a transporter.
 15005 | Gauntlet | Found a transporter.
 15005 | Gauntlet | Noticed a sixfirhy
 15007 | Gauntlet | Found a transporter.
 15007 | Gauntlet | Found a transporter.
 15011 | Gauntlet | Found a transporter.
 15011 | Gauntlet | Found a transporter.
 15044 | Gauntlet | Found a runed translucent gate.
 15044 | Gauntlet | Found a runed translucent gate.
 15048 | Gauntlet | Found a runed translucent gate.
 15048 | Gauntlet | Found a transporter.
 15052 | Gauntlet | Found a transporter.
 15056 | Gauntlet | Found a runed translucent door.
 15056 | Gauntlet | Found a runed translucent door.
 15060 | Gauntlet | Noticed a death yak
 15060 | Gauntlet | Noticed a death yak
 15061 | Gauntlet | Noticed a death yak
 15062 | Gauntlet | Noticed a death yak
 15063 | Gauntlet | Noticed a death yak
 15064 | Gauntlet | Found a transporter.
 15064 | Gauntlet | Noticed a death yak
 15080 | Gauntlet | Found a transporter.
 15083 | Gauntlet | Noticed a dire elephant
 15086 | Gauntlet | Found a transporter.
 15107 | Gauntlet | Found a transporter.
 15391 | Gauntlet | Killed a sixfirhy
 16405 | Gauntlet | Killed a dire elephant
 16405 | Gauntlet | Reached skill level 13 in Long Blades
 16411 | Gauntlet | Got a heavily runed platinum ring
 16413 | Gauntlet | Identified the ring of Dupheegh {Wiz *Slow Str+4 SInv} (You
                  | found it in a Gauntlet)
 16729 | Gauntlet | Noticed a minotaur
 16746 | Gauntlet | Killed a minotaur
 16762 | Gauntlet | Got a jewelled mace
 16763 | Gauntlet | Identified the +5 mace of Disintegration {freeze, *Rage
                  | rC++ Int+3} (You found it in a Gauntlet)
 16849 | D:12     | Reached XP level 12. HP: 64/104 MP: 13/13
 17003 | D:12     | Noticed a two-headed ogre
 17013 | D:12     | Killed a two-headed ogre
 17013 | D:12     | Received a gift from Okawaru
 17665 | D:12     | Received a gift from Okawaru
 18133 | D:11     | Killed Sonja
 18133 | D:11     | Reached skill level 14 in Long Blades
 18158 | D:12     | Killed Harold
 18158 | D:12     | Reached skill level 10 in Fighting
 18644 | D:11     | Found a staircase to the Lair.
 18795 | Lair:1   | Entered Level 1 of the Lair of Beasts
 19121 | Lair:1   | Reached skill level 1 in Evocations
 19608 | Lair:2   | Noticed a six-headed hydra
 19907 | D:8      | Reached skill level 10 in Shields
 20033 | D:8      | Found a shimmering blue altar of Sif Muna.
 20436 | D:13     | Noticed a two-headed ogre
 20446 | D:13     | Killed a two-headed ogre
 20569 | D:13     | Noticed a two-headed ogre
 20577 | D:13     | Killed a two-headed ogre
 20594 | D:13     | Noticed a two-headed ogre
 20605 | D:13     | Killed a two-headed ogre
 20605 | D:13     | Reached XP level 13. HP: 62/115 MP: 14/14
 21209 | D:13     | Reached skill level 15 in Long Blades
 21371 | D:13     | Identified a scroll of acquirement
 21372 | D:13     | Acquired the +7 long sword of Deflation {vorpal, rElec MR+
                  | Int+4}
 21577 | D:13     | Found a gate to the Vaults.
 21587 | D:13     | Received a gift from Okawaru
 23619 | D:14     | Received a gift from Okawaru
 23625 | D:14     | Got a fading scimitar {god gift}
 23626 | D:14     | Identified the +4 scimitar of the Hand {speed, +Rage rC-
                  | Int+4} (Okawaru gifted it to you on level 14 of the
                  | Dungeon)
 24406 | Lair:1   | Reached skill level 5 in Dodging
 24578 | Lair:2   | Reached XP level 14. HP: 126/126 MP: 16/16
 25811 | Lair:2   | Reached ****** piety under Okawaru
 25957 | Lair:2   | Found a staircase to the Swamp.
 26185 | Lair:3   | Received a gift from Okawaru
 26345 | Lair:3   | Reached skill level 16 in Long Blades
 26737 | Lair:3   | Found a hole to the Spider Nest.
 26762 | Lair:3   | HP: 2/127 [jumping spider (9)]
 26763 | Lair:3   | Slain by a wolf spider

Illustrated notes

Levels and vault maps discovered:
D:1:      lemuel_arrival_tunnels, layout_basic
D:2:      layout_basic, chequers_ecumenical_altar_simple, minmay_hedge_maze
D:3:      cheibrodos_fertilizer, layout_basic, lemuel_crystal_altar,
          old_standard_altar, tso_metal_star, kennysheep_generic_room_10
D:4:      layout_loops_ring, grunt_temple_overflow_bloody_war, serial_shops,
          shop_fountains, serial_bayou_pond_e
D:5:      layout_loops_ring, nicolae_overflow_crystal_walls
D:6:      layout_rooms, slow_altar_1
D:7:      layout_basic, overflow_temple_1_default,
          lemuel_coloured_pillars_altar, minmay_temple_entry_slanted,
          nemelex_xobeh_ov_fountains_minmay
D:8:      layout_loops_cross, old_standard_altar, nicolae_overflow_hidden_temple
D:9:      layout_loops_corners, nicolae_gozag_seed_capital,
          lemuel_crystal_altar, basic_altar, enter_bailey_1
D:10:     layout_cave_pods, worms_lemuel
D:11:     minmay_the_grid_four_pointed_star_mashed
          [minmay_the_grid_triangle_9x9_checkered,
          minmay_the_grid_triangle_9x9_longest,
          minmay_the_grid_triangle_9x9_corruption,
          minmay_the_grid_triangle_9x9_pentomino_pain,
          minmay_the_grid_prize_four_corners_diamond_b], layout_cave_pools,
          grunt_lair_entry_orc_guard_hut, enter_trove_6, uniq_fannar,
          uniq_sonja, uniq_harold
D:12:     layout_basic, gauntlet_entry_generic
D:13:     layout_long_grid, erik_vaults_1, hangedman_decor_diamond_cutter
D:14:     layout_stronghold
Lair:1:   layout_roguey, zaba_anthole
Lair:2:   layout_gridlike, palyth_hydra_swamp_entry, lemuel_fruit_fields
Lair:3:   layout_chaotic_city, spider_nest_entry_funnel_web,
          kennysheep_basilisk_garden, grunt_megastairs_3,
          infiniplex_staircase_pool

Skill      XL: |  1  2  3  4  5  6  7  8  9 10 11 12 13 14 |
---------------+-------------------------------------------+-----
Fighting       | 4 5 6 7 9 10 12 | 12.7
Armour         | 4 5 6 7 9 10 11 13 14 | 14.7
Shields        | 4 5 6 7 8 9 10 11 | 11.8
Long Blades    | 3 4 5 7 8 10 11 13 14 15 16 | 16.0
Dodging        | 1 3 4 5 |  5.3
Stealth        | 1 2 3 |  3.3
Crossbows      | 6 |  6.2
Invocations    | 1 3 4 |  4.1
Evocations     | 1 2 |  2.1

Action                   |  1- 3 |  4- 6 |  7- 9 | 10-12 | 13-15 || total
-------------------------+-------+-------+-------+-------+-------++-------
Melee: Long sword        |   105 |   178 |   421 |   400 |   233 ||  1337
       Headbutt          |    10 |    33 |   108 |   247 |   145 ||   543
       Falchion          |       |       |       |   415 |    68 ||   483
       Scimitar          |       |       |       |       |   156 ||   156
 Fire: Arbalest          |       |       |     1 |    45 |       ||    46
Invok: Heroism           |       |       |     7 |    23 |     3 ||    33
       Finesse           |       |       |       |     2 |       ||     2
Evoke: Wand              |       |       |       |     5 |    11 ||    16
  Use: Potion            |     6 |       |     4 |    14 |     1 ||    25
       Scroll            |     2 |     1 |    14 |    10 |     6 ||    33
 Stab: Invisible         |       |       |     2 |       |       ||     2
       Paralysed         |       |       |       |     3 |       ||     3
Armor: Scale mail        |     8 |       |       |       |       ||     8
       Chain mail        |    67 |   103 |    92 |    73 |   221 ||   556
       Plate armour      |       |       |   122 |   313 |       ||   435
Dodge: Dodged            |    25 |    35 |   136 |   316 |   217 ||   729
Block: Kite shield       |    68 |    92 |       |       |       ||   160
       Tower shield      |       |    31 |    96 |       |       ||   127
       Buckler           |       |       |    84 |   222 |   144 ||   450
       Rpst.: Long sword |     6 |    11 |    34 |    56 |    22 ||   129
       Falchion          |       |       |       |    32 |     2 ||    34
       Scimitar          |       |       |       |       |    19 ||    19

Table legend: (Time is in decaauts)
 A = Elapsed time spent in this place.
 B = Non-inter-level travel time spent in this place.
 C = Inter-level travel time spent in this place.
 D = Time resting spent in this place.
 E = Time spent auto-exploring this place.
 F = Levels seen in this place.
 G = Mean time per level.
                   A        B        C        D        E       F      G
               +--------+--------+--------+--------+--------+-----+--------+
         Total |  26512 |  25743 |    769 |   6356 |  14061 |  19 | 1395.4 |
       Dungeon |  19158 |  18453 |    705 |   2533 |  11882 |  14 | 1368.4 |
          Lair |   3095 |   3032 |     63 |    463 |   2049 |   3 | 1031.7 |
        Bailey |   2526 |   2526 |      0 |   1982 |    129 |   1 | 2526.0 |
      Gauntlet |   1732 |   1732 |      0 |   1378 |      0 |   1 | 1732.0 |
               +--------+--------+--------+--------+--------+-----+--------+

Top non-repeatable levels by time:
  Bailey: 2526 daAuts
    D:14: 2277 daAuts
    D:10: 1851 daAuts
     D:7: 1822 daAuts
    D:12: 1801 daAuts
     D:2: 1734 daAuts
Gauntlet: 1732 daAuts
    D:13: 1383 daAuts
     D:3: 1369 daAuts
  Lair:2: 1317 daAuts
  Lair:1: 1208 daAuts
    D:11: 1178 daAuts
     D:8: 1083 daAuts
     D:9: 988 daAuts
     D:1: 976 daAuts
